 Dungeon Crawl Stone Soup version 0.17.1-2-g5865329 (webtiles) character file.

273 ololoev the Chopper (level 6, 25/47 HPs)
             Began as a Demonspawn Fighter on Jan 25, 2016.
             Quit the game on level 2 of the Dungeon.
             The game lasted 00:04:51 (739 turns).

ololoev the Chopper (Demonspawn Fighter)             Turns: 739, Time: 00:04:51

Health: 25/47      AC: 11    Str: 18    XL:     6   Next: 3%
Magic:  6/6        EV:  7    Int:  9    God:
Gold:   117        SH:  9    Dex: 13    Spells: 0 memorised, 5 levels left

rFire  . . .     SeeInvis .     a - +0 war axe
rCold  . . .     Clarity  .     b - +0 scale mail
rNeg   + . .     SustAt   .     c - +0 shield
rPois  .         Gourm    .     (no helmet)
rElec  .         Spirit   .     (no cloak)
rCorr  .         Warding  .     (no gloves)
rMut   .         Stasis   .     (no boots)
MR     .....                    (no amulet)
Stlth  ..........               (no ring)
                                f - ring of positive energy

@: mildly poisoned (25 -> 17), not resistant to hostile enchantments, extremely
unstealthy
A: hooves 2, iridescent scales 1
a: no special abilities


Innate Abilities, Weirdness & Mutations

You have hoof-like feet.
You are partially covered in iridescent scales (AC +4).

Inventory:

Hand Weapons
 a - a +0 war axe (weapon)
Armour
 b - a +0 scale mail (worn)
 c - a +0 shield (worn)
Jewellery
 f - a ring of positive energy (left hand)
Scrolls
 g - 7 scrolls of identify {unknown}
Potions
 d - a potion of curing {unknown}
 i - a potion of agility {unknown}
Comestibles
 e - 4 bread rations
 h - a chunk of flesh


   Skills:
 - Level 3.0 Fighting
 * Level 4.6 Axes
 + Level 4.3 Armour
 - Level 2.6 Shields


You had 5 spell levels left.
You didn't know any spells.


You were on level 2 of the Dungeon.
You were not hungry.

You visited 1 branch of the dungeon, and saw 3 of its levels.

You collected 117 gold pieces.

...#
#.####....†###.#
....# #.#
#.....# # .....#
#.# #.....#
#.....# ##.##
#.....# #......
.........#..#
#.#####.###.#
#.# #.# .# #.#
#.# .# #@# #.#
.) #.# #.. #.
..# ## .### #. #

Notes
Turn   | Place    | Note
--------------------------------------------------------------
     0 | D:1      | ololoev the Demonspawn Fighter began the quest for the Orb.
     0 | D:1      | Reached XP level 1. HP: 18/18 MP: 1/1
    50 | D:2      | Gained mutation: You are partially covered in iridescent scales (AC +4). [demonic ancestry]
    50 | D:2      | Reached XP level 2. HP: 22/24 MP: 2/2
   119 | D:2      | Noticed Natasha
   134 | D:2      | Killed Natasha
   134 | D:2      | Gained mutation: You have large cloven feet. [demonic ancestry]
   134 | D:2      | Reached XP level 3. HP: 15/29 MP: 3/3
   189 | D:3      | Reached XP level 4. HP: 15/35 MP: 4/4
   357 | D:3      | Gained mutation: You have hoof-like feet. [demonic ancestry]
   357 | D:3      | Reached XP level 5. HP: 29/41 MP: 5/5
   465 | D:3      | Reached skill level 4 in Axes
   736 | D:2      | Reached XP level 6. HP: 28/47 MP: 6/6
   739 | D:2      | Quit the game

Dungeon Overview and Level Annotations

Branches:
Dungeon (3/15)

Altars:


Message History

The adder is severely wounded.
You feel sick. The adder bites you but does no damage.
The adder bites you but does no damage.
Your scale mail prevents you from hitting the adder.
Your kick misses the adder.
The adder is severely wounded.
You block the adder's attack. The adder bites you but does no damage.
You miss the adder.
The adder is heavily wounded.
The adder bites you but does no damage.
You hit the adder but do no damage.
The adder is heavily wounded.
You feel sick. You block the adder's attack. The adder completely misses you.
Your shield prevents you from hitting the adder.
You kick the adder.
The adder is heavily wounded.
The adder barely misses you. The adder bites you but does no damage.
You miss the adder.
The adder is heavily wounded.
The adder bites you. x2
You are more poisoned.
The adder poisons you!
You barely miss the adder. You kick the adder, but do no damage.
The adder is heavily wounded.
You feel sick. The adder bites you but does no damage.
You hit the adder. Your kick misses the adder.
The adder is heavily wounded.
You feel sick. The adder bites you but does no damage. The adder bites you.
You are more poisoned.
The adder poisons you!
You hit the adder.
You kill the adder!
You have reached level 6!
Your experience leads to an increase in your attributes!
Increase (S)trength, (I)ntelligence, or (D)exterity?
You feel stronger.
You feel sick.
You feel sick.
There is a stone staircase leading down here.
Are you sure you want to abandon this character and quit the game? (Confirm with "yes".)

There were no monsters in sight!

Vanquished Creatures
  A crimson imp (D:3)
  Natasha (D:2)
  4 adders
  9 gnolls (D:3)
  A worm (D:2)
  3 giant geckos (D:2)
  An orc (D:3)
  3 bats
  26 goblins
  22 hobgoblins (D:3)
  2 giant newts (D:2)
  5 kobolds (D:3)
  A quokka (D:2)
  2 rats (D:3)
81 creatures vanquished.

Action                   |  1- 3 |  4- 6 || total
-------------------------+-------+-------++-------
Melee: War axe           |    55 |   176 ||   231
Throw: Tomahawk          |       |     6 ||     6
  Use: Potion            |     1 |     4 ||     5

Vault maps used:
D:1:      ncdulo_smallfort, hangedman_decor_slide_cut, serial_bayou_lagoon_a,
          minmay_tree_intersection
D:2:      marbit_many_paths, first_bread, uniq_natasha
D:3:      minmay_goblin_kobold_castle
